Map: Orbital Shipyard

Players

Wellmet

  • Race: Terran Terran
  • League: Master

Grace - Winner!

  • Race: Terran Terran
  • League: Diamond

VOD

Have the link to the VOD?

Description

Time

  • Played on: Nov. 15, 2015, 2:03 a.m.
  • Length: 3:16
Show
View Real Time Build Order
Export as new Build Order

Wellmet Terran 

Build Orders: Reaper Expand 

Get SALT Encoding   

  12  0:00  SCV  
  13  0:13  SCV  
  14  0:17  Supply Depot  
  14  0:25  SCV  
  15  0:39  SCV  
  15  0:41  Barracks  
  16  0:45  Refinery  
  16  0:51  SCV  
  17  1:03  SCV  
  18  1:15  SCV  
  19  1:28  Orbital Command  
  19  1:29  Reaper  
  20  1:43  Command Center  
  20  1:56  SCV  
  20  1:59  Supply Depot  
  21  2:01  Barracks Reactor  
  21  2:08  SCV  
  22  2:20  SCV  
  23  2:24  Factory  
  23  2:39  Marine  
  23  2:40  Marine  
  24  2:44  Barracks  
  24  2:46  SCV  
  25  2:57  Marine  
Show
View Real Time Build Order
Export as new Build Order

Grace Terran - Winner!

Build Orders:  

Get SALT Encoding   

  12  0:00  SCV  
  13  0:13  SCV  
  14  0:21  Supply Depot  
  14  0:25  SCV  
  15  0:54  Barracks  
  15  0:55  SCV, Barracks  
  16  1:12  SCV  
  16  1:16  Barracks  
  17  1:24  SCV  
  18  1:40  Marine  
  18  1:41  Orbital Command  
  18  1:42  Marine  
  20  1:52  Supply Depot  
  20  1:58  Marine  
  20  2:00  Marine  
  22  2:03  Marine  
  23  2:14  SCV  
  24  2:17  Marine  
  24  2:18  Marine  
  24  2:21  Marine  
  27  2:26  SCV  
  28  2:31  Supply Depot  
  28  2:32  Bunker  
  28  2:34  Bunker  
  28  2:36  Bunker  
  27  2:39  Marine x2  
Tags
 
Add a new tag
Caveats
  • Supply blocks, unpowered buildings, or Contaminate may cause inaccurate times.
  • Supply counts are checked every 10 seconds.